 Dungeon Crawl Stone Soup version 0.27.0-1-g7a089689b8 (webtiles) character file.

Game seed: 881815954655356322

241 Delamore the Sneak (level 6, 0/42 HPs)
             Began as an Octopode Brigand on Aug 6, 2021.
             Slain by an orc wizard (2 damage)
             ... on level 4 of the Dungeon.
             The game lasted 00:02:26 (3437 turns).

Delamore the Sneak (Octopode Brigand)               Turns: 3437, Time: 00:02:26

Health: 0/42       AC:  1    Str: 11    XL:     6   Next: 8%
Magic:  6/6        EV: 14    Int: 13    God:
Gold:   136        SH:  0    Dex: 15    Spells: 5/5 levels left

rFire    . . .     SeeInvis .   a - +2 dagger
rCold    . . .     Faith    .   (no shield)
rNeg     . . .     Spirit   .   (helmet restricted)
rPois    .         Reflect  .   (no amulet)
rElec    .         Harm     .   (no ring)
rCorr    .         Rampage  .   (no ring)
Will     .....                  (no ring)
Stlth    ++++......             (no ring)
HPRegen  0.14/turn              (no ring)
MPRegen  0.10/turn              (no ring)
                                (no ring)
                                (no ring)

@: no status effects
A: almost no armour, amphibious, 8 rings, camouflage 1, gelatinous body 1,
(nimble swimmer 1), tentacles
a: no special abilities


You were on level 4 of the Dungeon.
You visited 1 branch of the dungeon, and saw 4 of its levels.

You collected 136 gold pieces.

Inventory:

Hand Weapons
 a - a +2 dagger (weapon)
Missiles
 b - 8 poisoned darts (quivered)
 c - 2 curare-tipped darts
 g - 8 boomerangs
Armour
 n - a +0 kite shield
Scrolls
 d - a scroll of enchant weapon
 e - a scroll of teleportation {unknown}
 i - a scroll of fear {unknown}
 o - a scroll of noise {unknown}
Potions
 f - a potion of mutation
 h - 2 potions of resistance
 j - a potion of heal wounds
 k - 2 potions of curing
 l - a potion of cancellation
 m - 2 potions of flight {unknown}


   Skills:
 + Level 3.4 Fighting
 * Level 4.5 Short Blades
 - Level 2.0 Throwing
 + Level 2.9 Dodging
 - Level 5.3 Stealth


You had 5 spell levels left.
You didn't know any spells.
Your spell library contained the following spells:

 Spells                   Type           Power      Damage    Failure   Level
 Shock                    Conj/Air       0%         1d3       30%         1
 Swiftness                Air            0%         N/A       67%         3
 Airstrike                Air            0%         N/A       97%         4


Dungeon Overview and Level Annotations

Branches:
Dungeon (4/15)             Temple (0/1) D:4

Altars:
Uskayaw
Xom
Zin


Innate Abilities, Weirdness & Mutations

You cannot wear most types of armour.
You are amphibious.
You can wear up to eight rings at the same time.
Your skin changes colour to match your surroundings (Stealth+).
Your rubbery body absorbs attacks. (AC +1, EV +1)
((You are camouflaged near water. (Stealth+)))
You have tentacles for arms and can constrict up to eight enemies at once.


Message History

It was a potion of cancellation.
Your magical effects are unravelling.
You feel magically purged.
You feel less confused.
The orc wizard hits you with a +0 dagger.
The orc wizard closely misses you.
The orc wizard casts a spell.
The orc wizard flickers and vanishes!
Deactivating autopickup; reactivate with Ctrl-A.
You aren't carrying any pieces of jewellery.
You closely miss the orc wizard. You grab the orc wizard.
You constrict the orc wizard, but do no damage.
The orc wizard hits you with a +0 dagger.
The orc wizard closely misses you.
You hit the orc wizard but do no damage.
You constrict the orc wizard. Something hits you.
You hit the orc wizard.
The orc wizard is moderately wounded.
You constrict the orc wizard. The water moccasin skeleton misses you.
The orc wizard closely misses you.
The orc wizard cheers loudly.
The orc wizard hits you with a +0 dagger.
Something hits you.
* * * LOW HITPOINT WARNING * * *
You release your grip on the orc wizard.
The water moccasin skeleton bites you.
* * * LOW HITPOINT WARNING * * *
Okay, then.
The orc wizard hits you with a +0 dagger.
* * * LOW HITPOINT WARNING * * *
You hear some strange, mumbled words.
A puff of flame appears from out of thin air!
The puff of flame misses you.
You open the door.
The water moccasin skeleton closely misses you.
The orc wizard casts a spell at you. The magic dart hits you.
* * * LOW HITPOINT WARNING * * *
Something hits you.
You die...

#.######..##.......
#..##..^.###.......
###'###.............
#.....#.............
#.###.#..........#.. ####
+.#>#.'.##.....#...# ....
#.#+#.#..........###
.....#.....#.............
.....###@###........##...
.......o.Z.........##...#
........o.######......###
..........# #......##
..........# #.#.#...##
..........# #.#.#.#...
..$.......# #.#.###.
########.## ........ #.#
..######


You could see 2 orc wizards and a water moccasin skeleton.

Vanquished Creatures
  Menkaure (D:4)
  5 adders
  2 worms
  2 dart slugs
  5 endoplasms
  2 giant cockroaches
  7 goblins
  2 hobgoblins (D:1)
  2 jackals (D:1)
  7 kobolds
  8 quokkas
  8 ball pythons
  4 bats
  3 frilled lizards
  3 rats
61 creatures vanquished.

Vanquished Creatures (others)
  4 toadstools (D:1)
4 creatures vanquished.

Grand Total: 65 creatures vanquished

Notes
Turn   | Place    | Note
-------+----------+-------------------------------------------
     0 | D:1      | Delamore the Octopode Brigand began the quest for the Orb.
     0 | D:1      | Reached XP level 1. HP: 14/14 MP: 1/1
   150 | D:1      | Reached XP level 2. HP: 19/19 MP: 2/2
   460 | D:1      | Found a faded altar of an unknown god.
   484 | D:1      | HP: 1/20 [quokka (4)]
   819 | D:1      | Reached XP level 3. HP: 25/25 MP: 3/3
  1552 | D:2      | Found a hide-covered altar of Uskayaw.
  1594 | D:2      | Reached XP level 4. HP: 30/30 MP: 4/4
  2563 | D:3      | Found a glowing silver altar of Zin.
  2968 | D:3      | Found a shimmering altar of Xom.
  3108 | D:4      | Noticed Menkaure
  3180 | D:4      | Killed Menkaure
  3181 | D:4      | Reached XP level 5. HP: 36/36 MP: 5/5
  3181 | D:4      | Reached XP level 6. HP: 42/42 MP: 6/6
  3401 | D:4      | Found a staircase to the Ecumenical Temple.
  3436 | D:4      | HP: 2/42 [orc wizard/magic dart (6)]
  3437 | D:4      | Slain by an orc wizard

Illustrated notes

Levels and vault maps discovered:
D:1:      ldierk_water_garden, layout_basic,
          hellmonk_ecumenical_altar_pennies_from_heaven
D:2:      layout_loops_cross, basic_altar
D:3:      layout_loops_corners, old_standard_altar,
          mainiacjoe_overflow_tiny_flanked
D:4:      layout_rooms, kennysheep_mini, minmay_temple_entry_glassed_door,
          uniq_menkaure

Skill      XL: |  1  2  3  4 |
---------------+-------------+-----
Short Blades   | 3 4 |  4.5
Dodging        | 2 |  2.9
Fighting       | 3 |  3.4
Throwing       | |  2.0
Stealth        | |  5.3

Action                   |  1- 3 |  4- 6 || total
-------------------------+-------+-------++-------
Melee: Dagger            |    58 |    57 ||   115
       Constrict         |    10 |    11 ||    21
       Tentacles         |     8 |    14 ||    22
  Use: Scroll            |       |     5 ||     5
       Potion            |       |     1 ||     1
 Stab: Sleeping          |    16 |    12 ||    28
Armor: Skin              |     3 |     2 ||     5
Dodge: Dodged            |    23 |    23 ||    46
